Map: Miner Evacuation

Players

NamroodTuo

  • Race: Zerg Zerg

kastore

  • Race: Protoss Protoss
  • Spawn Location: 7:00

VOD

Have the link to the VOD?

Description

Time

  • Played on: Dec. 29, 2022, 7:17 a.m.
  • Length: 26:39
Show
View Real Time Build Order
Export as new Build Order

NamroodTuo Zerg 

Build Orders:  

Get SALT Encoding   

  12  0:10  Infested SCV  
  12  0:18  Overlord  
  13  0:32  Overlord  
  13  0:36  Infested SCV  
  14  0:52  Infested SCV  
  15  1:06  Infested Barracks, Infested SCV  
  16  1:18  Infested SCV  
  17  1:26  Infested SCV  
  18  1:40  Infested Refinery  
  18  1:43  Infested SCV  
  18  1:44  Infested Refinery  
  19  1:55  Infested SCV  
  20  2:12  Infested Engineering Bay  
  20  2:23  Infested SCV  
  20  2:25  Infested SCV  
  20  2:26  Infested Marine  
  20  2:28  Infested Marine  
  24  2:32  Infestation Level 1  
  24  2:44  Infested SCV  
  25  2:58  Infested SCV  
  26  3:03  Infested Marine  
  27  3:11  Infested Barracks  
  27  3:17  Infested SCV  
  28  3:29  Infested Barracks Tech Lab  
  28  3:44  Regenerative Plating  
  26  4:25  Unknown, Infested Bunker  
  30  4:34  Retinal Augmentation  
  29  4:43  Infested SCV  
  29  4:44  Stukov Infantry Armor Level 1, Infested SCV  
  31  4:51  Overlord  
  31  5:05  Overlord  
  31  5:08  Overlord  
  31  5:28  Infested Marine  
  31  5:29  Infested Marine x3  
  35  5:30  Infested Marine x2  
  35  5:32  Infested Marine x2  
  39  6:04  Infested Bunker  
  43  6:20  Infested Marine x2  
  43  6:21  Infested Marine x4  
  48  6:34  Infestation Level 2  
  48  6:37  Infested SCV  
  46  6:42  Overlord  
  46  6:48  Infested SCV  
  43  7:11  Infested Missile Turret  
  43  7:17  Overlord  
  43  7:18  Infested SCV  
  44  7:21  Infested SCV  
  44  7:23  Infested Marine  
  44  7:24  Stukov Infantry Weapons Level 1  
  46  7:30  Plagued Munitions  
  46  7:47  Infested Factory  
  46  7:59  Infested Barracks  
  40  8:35  Infested Bunker  
  44  8:51  Infested Marine  
  44  8:52  Infested Marine x4  
  44  8:53  Infested Marine x5  
  44  8:54  Infested Marine x4  
  44  8:55  Infested Marine x5  
  44  8:56  Infested Marine x2  
  64  9:11  Overlord  
  64  9:12  Overlord  
  64  9:17  Overlord  
  64  9:59  Infested Marine x2  
  66  10:00  Infested Marine x5  
  66  10:01  Infested Marine x2  
  56  10:58  Infested Armory  
  56  11:00  Stukov Infantry Weapons Level 2  
  56  11:07  Infested Bunker  
  47  11:50  Overseer  
  47  11:53  Overlord x3  
  47  11:54  Overlord  
  47  12:25  Infested Marine  
  47  12:26  Infested Marine x2  
  50  12:31  Infested Marine x2  
  50  12:32  Infested Marine x5  
  50  12:33  Infested Marine  
  50  12:36  Infested Marine x4  
  50  12:37  Infested Marine x5  
  50  12:38  Infested Marine x3  
  50  12:39  Infested Marine x5  
  75  13:19  Infested Command Center  
  75  13:41  Infested SCV  
  75  13:42  Infested SCV x2  
  75  13:46  Infested Refinery  
  75  13:49  Infested Marine x8  
  86  13:50  Infested Marine x24  
  86  13:51  Infested Marine x9  
  86  13:56  Infested Marine  
  120  14:00  Infested Refinery  
  109  14:10  Stukov Infantry Armor Level 2  
  92  14:31  Infested Marine  
  92  14:32  Infested Marine x11  
  92  14:33  Infested Marine x23  
  127  15:00  Overlord x3  
  127  15:05  Overlord  
  85  15:58  Infested Marine x3  
  85  15:59  Infested Marine x15  
  103  16:01  Infested SCV x3  
  71  16:15  Infested SCV  
  72  16:20  Infested SCV x2  
  72  16:21  Infested SCV x4  
  78  16:49  Infested Bunker  
  82  16:58  Infested Missile Turret  
  82  17:02  Infested Marine  
  82  17:03  Infested Marine x8  
  82  17:04  Infested Marine  
  91  17:31  Calcified Armor  
  74  17:51  Infested Missile Turret  
  73  18:26  Infested Bunker  
  77  18:31  Stukov Infantry Weapons Level 3  
  67  18:58  Infested Marine  
  67  18:59  Infested Marine x18  
  86  19:01  Infested Marine  
  86  19:02  Infested Marine x2  
  89  19:33  Infested Marine  
  89  19:34  Infested Marine x18  
  89  19:35  Infested Marine x16  
  89  19:36  Infested Marine  
  89  19:37  Infested Marine x11  
  136  19:45  Infested Marine  
  136  19:46  Infested Marine x5  
  142  19:50  Infested Marine  
  142  19:57  Infested Marine  
  142  19:58  Infested Marine x5  
  147  20:03  Infested SCV  
  147  20:04  Infested SCV x4  
  152  20:11  Overlord  
  152  20:31  Broodling Gestation  
  72  21:35  Infested Marine  
  72  21:36  Infested Marine x24  
  72  21:37  Infested Marine x8  
  105  22:01  Anaerobic Enhancement  
  105  22:11  Stukov Infantry Armor Level 3  
  105  22:20  Infested Marine  
  105  22:21  Infested Marine x15  
  105  22:22  Infested Marine x25  
  105  22:23  Infested Marine x4  
  150  23:01  Infestation Level 3  
  150  23:16  Infested Marine  
  150  23:17  Infested Marine x17  
  135  23:57  Infested Marine  
  135  23:58  Infested Marine x22  
  135  23:59  Infested Marine x8  
  121  24:55  Infested Missile Turret  
  121  24:58  Infested Missile Turret  
  102  25:00  Infested Missile Turret  
  99  25:11  Infested Marine  
  99  25:12  Infested Marine x24  
  99  25:13  Infested Marine x14  
  138  25:27  Infested Marine  
  138  25:28  Infested Marine x18  
  138  25:29  Infested Marine  
Show
View Real Time Build Order
Export as new Build Order

kastore Protoss 

Build Orders:  

Get SALT Encoding   

  12  0:02  Probe (Chrono Boost)  
  13  0:18  Probe (Chrono Boost)  
  14  0:32  Probe (Chrono Boost)  
  15  0:45  Dark Pylon  
  15  0:47  Probe (Chrono Boost)  
  16  1:01  Probe (Chrono Boost)  
  16  1:05  Assimilator  
  16  1:09  Assimilator  
  17  1:15  Probe (Chrono Boost)  
  18  1:29  Probe (Chrono Boost)  
  19  1:43  Probe (Chrono Boost)  
  20  1:51  Dark Pylon  
  20  1:57  Probe (Chrono Boost)  
  21  2:00  Gateway  
  21  2:04  Gateway x2  
  21  2:11  Probe (Chrono Boost)  
  21  2:17  Gateway  
  22  2:32  Pylon  
  22  2:38  Pylon  
  22  2:54  Forge  
  22  2:59  Forge  
  22  3:18  Dark Pylon  
  22  3:44  Forge  
  22  3:49  Cybernetics Core  
  22  3:51  Cybernetics Core  
  22  4:09  Photon Cannon  
  22  4:12  Photon Cannon x2  
  22  4:32  Dark Pylon  
  22  4:41  Warp Gate  
  22  4:44  Stalker x2  
  26  4:58  Photon Cannon  
  26  5:09  Photon Cannon  
  26  5:26  Photon Cannon  
  26  5:35  Photon Cannon  
  26  5:57  Twilight Council  
  26  6:03  Protoss Shields Level 1  
  26  6:04  Protoss Ground Armor Level 1, Protoss Ground Weapons Level 1  
  26  6:22  Stalker  
  28  8:01  Shadow Charge  
  28  8:26  Photon Cannon  
  28  8:45  Dark Pylon  
  28  9:01  Darkcoil  
  28  9:16  Centurion  
  28  9:17  Centurion x3  
  36  10:31  Blink  
  36  10:34  Stalker x2  
  36  10:35  Stalker x2  
  44  10:55  Assimilator  
  44  10:58  Assimilator  
  44  11:03  Dark Pylon  
  44  11:14  Photon Cannon  
  44  11:15  Photon Cannon  
  44  11:18  Photon Cannon  
  44  11:19  Photon Cannon  
  44  11:21  Photon Cannon  
  44  11:23  Photon Cannon  
  44  11:26  Photon Cannon  
  44  11:28  Photon Cannon  
  44  11:34  Photon Cannon  
  44  11:39  Photon Cannon  
  44  11:42  Photon Cannon x2  
  44  11:53  Photon Cannon x2  
  44  11:57  Photon Cannon  
  44  11:58  Photon Cannon  
  44  12:18  Nexus  
  44  12:35  Dark Pylon  
  44  12:46  Centurion x4  
  52  13:04  Protoss Ground Weapons Level 2  
  52  13:11  Protoss Shields Level 2  
  52  13:24  Phase Reactor  
  52  13:48  Photon Cannon  
  52  14:00  Probe (Chrono Boost)  
  52  14:09  Stalker  
  55  14:14  Probe (Chrono Boost)  
  56  14:28  Probe (Chrono Boost)  
  57  14:42  Probe (Chrono Boost)  
  58  14:56  Probe (Chrono Boost)  
  59  15:43  Dark Pylon  
  59  15:52  Stalker x3  
  59  15:53  Stalker  
  67  16:08  Probe (Chrono Boost)  
  68  16:21  Probe (Chrono Boost)  
  69  16:35  Probe (Chrono Boost)  
  69  16:37  Protoss Shields Level 3  
  69  16:38  Protoss Ground Weapons Level 3, Protoss Ground Armor Level 2  
  70  16:42  Protoss Air Weapons Level 1  
  70  16:43  Protoss Air Armor Level 1  
  70  16:49  Probe (Chrono Boost)  
  70  16:53  Gateway  
  70  16:56  Gateway  
  70  16:59  Gateway  
  71  17:02  Gateway  
  71  17:03  Probe (Chrono Boost)  
  71  17:05  Gateway  
  71  17:06  Gateway  
  71  17:09  Gateway  
  72  17:16  Gateway  
  72  17:17  Probe (Chrono Boost)  
  73  17:42  Stalker x2  
  73  17:43  Stalker x2  
  81  18:50  Probe (Chrono Boost)  
  81  18:56  Probe (Chrono Boost)  
  83  19:04  Probe (Chrono Boost)  
  84  19:18  Probe (Chrono Boost)  
  81  19:32  Probe (Chrono Boost)  
  82  19:40  Dark Pylon  
  82  19:44  Stalker x2  
  82  19:45  Stalker x2  
  82  19:46  Probe (Chrono Boost)  
  91  20:17  Protoss Ground Armor Level 3  
  91  20:19  Protoss Air Weapons Level 2  
  91  20:20  Protoss Air Armor Level 2  
  91  20:40  Dark Shrine  
  91  20:51  Dark Pylon  
  91  21:15  Stargate  
  91  21:17  Stargate  
  91  21:18  Stargate  
  91  21:19  Stargate  
  91  21:21  Stargate  
  91  22:39  Dark Pylon  
  91  22:53  Dark Archon  
  91  22:54  Dark Archon  
  91  22:56  Stalker x4  
  91  22:57  Stalker x2  
  91  22:58  Stalker x4  
  119  23:31  Oracle  
  119  23:34  Mind Control  
  119  23:50  Void Ray  
  126  24:12  Pylon  
  126  24:13  Pylon  
  126  24:14  Pylon  
  126  24:15  Pylon  
  126  24:17  Pylon, Oracle  
  126  24:18  Pylon  
  126  24:20  Pylon  
  126  24:23  Pylon  
  126  24:24  Dark Pylon  
  126  24:25  Pylon  
  126  24:27  Void Ray x2  
  137  24:41  Stalker x4  
  137  24:42  Stalker x5  
  137  24:43  Stalker x3  
  161  25:04  Argus Crystal  
  161  25:16  Dark Archon x2  
  169  25:21  Dark Templar x3  
  169  25:22  Dark Templar x4  
  169  25:23  Dark Templar x3  
Tags
 
Commander
StukovVorazun
Matchup
Co-op
Replay Pack
Multiplayer
Add a new tag
Caveats
  • Supply blocks, unpowered buildings, or Contaminate may cause inaccurate times.
  • Supply counts are checked every 10 seconds.